 Dungeon Crawl Stone Soup version 0.30-a0-772-g5528072125 (webtiles) character file.

Game seed: 1934703376550603755

389545 Flugslaktarn the Impregnable (level 21, -11/171 HPs)
             Began as a Minotaur Fighter on Feb 12, 2023.
             Was a High Priest of Ashenzari.
             Mangled by an Orb Guardian (22 damage)
             ... while paralysed by a dread lich
             ... on level 5 of the Realm of Zot.
             The game lasted 00:33:27 (44221 turns).

Flugslaktarn the Impregnable (Minotaur Fighter)    Turns: 44221, Time: 00:33:27

Health: -11/171    AC: 46    Str: 25    XL:     21   Next: 72%
Magic:  1/20       EV:  2    Int:  9    God:    Ashenzari [*****.]
Gold:   593        SH:  0    Dex: 15    Spells: 20/20 levels left

rFire   + . .      SeeInvis +    O - +9 broad axe of the Astral Seer {freeze, Melee, Cun} (curse)
rCold   + . .      Faith    .    N - +0 tower shield
rNeg    + . .      Spirit   .    x - +5 gold dragon scales
rPois   +          Reflect  .    P - +2 hat of the Shackled Moon {Cun, Melee} (curse)
rElec   .          Harm     .    S - +2 cloak "Gaze Upon Infinity" {Fort, Melee} (curse)
rCorr   .          Rampage  .    D - +2 pair of gloves "I Foresaw This" {infuse, Self, Cun} (curse)
Will    +....      Clarity  +    e - +2 pair of boots "Behold Eternity" {Melee, Fort} (curse) Stlth
                                 K - amulet of Ashenzari's Chagrin {Regen+, Fort, Cun} (curse)
HPRegen 2.08/turn                a - ring of the Fated Fetters {EV+5 Dex+2, Evo, Bglg} (curse)
MPRegen 0.17/turn                s - ring "Visionary Visionary" {rN+, Alch, Bglg} (curse)

@: paralysed, studying Axes, unable to read
A: horns 2, retaliatory headbutt, large bone plates 1, clever 1, frail 2,
regeneration 1, weak 1, inability to read after injury 1, MP-powered wands
}: 3/15 runes: barnacled, abyssal, gossamer
a: Renounce Religion, Curse Item, Shatter the Chains


You were on level 5 of the Realm of Zot.
You worshipped Ashenzari.
Ashenzari was extremely pleased with you.
You visited 8 branches of the dungeon, and saw 43 of its levels.
You visited the Abyss 3 times.
You also visited: Ice Cave, Volcano and Wizlab.

You collected 4314 gold pieces.
You spent 3721 gold pieces at shops.

Inventory:

Hand Weapons
 O - the cursed +9 broad axe of the Astral Seer (weapon) {freeze, Melee, Cun}
   (You took it off a meliai on level 2 of the Lair of Beasts)

   It has a curse which improves the following skills: Melee Combat: Short
   Blades, Long Blades, Axes, Maces & Flails, Polearms, Staves and Unarmed
   Combat.
   Cunning:   Dodging and Stealth.
Missiles
 j - 3 throwing nets (quivered)
Armour
 e - the cursed +2 pair of boots "Behold Eternity" (worn) {Melee, Fort}
   (You found it on level 1 of the Dungeon)

   It has a curse which improves the following skills: Melee Combat: Short
   Blades, Long Blades, Axes, Maces & Flails, Polearms, Staves and Unarmed
   Combat.
   Fortitude: Armour and Shields.
 x - +5 gold dragon scales (worn)
   (You bought it in a shop on level 3 of the Shoals)
 D - the cursed +2 pair of gloves "I Foresaw This" (worn) {infuse, Self, Cun}
   (You found it on level 4 of the Shoals)

   It has a curse which improves the following skills: Introspection: Fighting
   and Spellcasting.
   Cunning:   Dodging and Stealth.
 N - a +0 tower shield (worn)
   (You took it off Louise on level 1 of the Shoals)
 P - the cursed +2 hat of the Shackled Moon (worn) {Cun, Melee}
   (You acquired it on level 2 of the Vaults)

   It has a curse which improves the following skills: Cunning: Dodging and
   Stealth.
   Melee Combat: Short Blades, Long Blades, Axes, Maces & Flails, Polearms,
   Staves and Unarmed Combat.
 S - the cursed +2 cloak "Gaze Upon Infinity" (worn) {Fort, Melee}
   (You bought it in a shop on level 15 of the Dungeon)

   It has a curse which improves the following skills: Fortitude: Armour and
   Shields.
   Melee Combat: Short Blades, Long Blades, Axes, Maces & Flails, Polearms,
   Staves and Unarmed Combat.
Jewellery
 a - the cursed ring of the Fated Fetters (left hand) {EV+5 Dex+2, Evo, Bglg}
   (You bought it in a shop on level 1 of the Depths)

   [ring of evasion]

   EV:        It affects your evasion (+5).
   Dex:       It affects your dexterity (+2).
   It has a curse which improves the following skills: Evocations: Evocations.
   Beguiling: Conjurations, Hexes and Translocations.
 c - a ring of protection from cold
   (You found it on level 13 of the Dungeon)
 f - the ring "Zajug" {Fly rPois rC+ Stlth+}
   (You took it off a spriggan air mage in a wizard's laboratory)

   [ring of flight]

   rC:        It protects you from cold.
   rPois:     It protects you from poison.
   Fly:       It grants you flight.
   Stlth:     It makes you more stealthy.
 s - the cursed ring "Visionary Visionary" (right hand) {rN+, Alch, Bglg}
   (You found it on level 5 of the Dungeon)

   [ring of positive energy]

   rN:        It protects you from negative energy.
   It has a curse which improves the following skills: Alchemy: Poison Magic and
   Transmutations.
   Beguiling: Conjurations, Hexes and Translocations.
 K - the cursed amulet of Ashenzari's Chagrin (around neck) {Regen+, Fort, Cun}
   (You found it on level 2 of the Lair of Beasts)

   [amulet of regeneration]

   Regen:     It increases your rate of health regeneration.
   It has a curse which improves the following skills: Fortitude: Armour and
   Shields.
   Cunning:   Dodging and Stealth.
 T - the ring "Murue" {*Slow Fly rF+ rCorr Dex+3}
   (You found it on level 10 of the Dungeon)

   [ring of resist corrosion]

   Dex:       It affects your dexterity (+3).
   rF:        It protects you from fire.
   Fly:       It grants you flight.
   rCorr:     It protects you from acid and corrosion.
   *Slow:     It may slow you when you take damage.
Wands
 g - a wand of digging (9)
   (You found it on level 11 of the Dungeon)
 r - a wand of mindburst (29)
   (You took it off Ijyb on level 5 of the Dungeon)
 y - a wand of iceblast (18)
   (You found it on level 7 of the Dungeon)
 B - a wand of quicksilver (9)
   (You found it on level 7 of the Dungeon)
 M - a wand of paralysis (14)
   (You found it on level 4 of the Spider Nest)
Scrolls
 k - 7 scrolls of fog
 l - a scroll of magic mapping
 p - a scroll of butterflies
 t - 12 scrolls of teleportation
 G - 2 scrolls of fear
 L - 3 scrolls of immolation
 U - a scroll of silence
Potions
 h - 2 potions of haste
 i - a potion of magic
 m - 2 potions of mutation
 q - 14 potions of curing
 v - 4 potions of lignification
 w - 2 potions of heal wounds
 z - a potion of invisibility
 A - 2 potions of flight
 E - 3 potions of cancellation
 H - 5 potions of attraction
 I - 6 potions of ambrosia
 J - 2 potions of berserk rage
Miscellaneous
 C - a tin of tremorstones (2/2)
   (You found it on level 4 of the Vaults)
 F - a condenser vane
   (You found it on level 2 of the Spider Nest)
 Q - a phantom mirror
   (You found it on level 15 of the Dungeon)


   Skills:
 + Level 22.3(24.3) Fighting
 - Level 21.9(27) Axes
 + Level 22.3(26.4) Armour
 + Level 18.0(23.3) Dodging
 + Level 22.0(26.0) Shields
 + Level 11.5(13.7) Evocations


You had 20 spell levels left.
You didn't know any spells.
Your spell library was empty.

Dungeon Overview and Level Annotations

Branches:
Dungeon (15/15)            Temple (0/1) D:4            Lair (5/5) D:10
 Shoals (4/4) Lair:3       Spider (4/4) Lair:2        Slime (0/5) Lair:5
    Orc (2/2) D:12            Elf (0/3) Orc:2        Vaults (4/5) D:14
  Crypt (0/3) Vaults:3     Depths (4/4) D:15            Zot (5/5) Depths:4
  IceCv (visited)         Volcano (visited)          WizLab (visited)

Altars:
Ashenzari
Cheibriados
Makhleb
Qazlal
Trog
Yredelemnul
Zin
Jiyva

Shops:
D:4 !   D:8 [   D:13 (   D:15 *   Orc:2 (?!*   Shoals:1 *[   Shoals:3 [
Vaults:1 [   Depths:1 =::[

Portals:
Hell: Depths:4
Abyss: Depths:1
Pandemonium: Depths:4

Annotations:
D:9 exclusion: orange crystal statue
Lair:3 1 runed translucent door, Diecruk's ghost, journeyman GnHu
Shoals:1 Roxanne
Vaults:4 2 transporters, exclusion: orange crystal statue


Innate Abilities, Weirdness & Mutations

You have a pair of horns on your head.
You reflexively headbutt those who attack you in melee.
You are partially covered in large bone plates. (SH +4)
Your mind is acute. (Int +4, Str/Dex -1)
You are very frail. (-20% HP)
Your natural rate of healing is unusually fast.
You are weak. (Str -2)
You occasionally lose the ability to read scrolls when taking damage.
You expend magic power (3 MP) to strengthen your wands.


Message History

The tentacled monstrosity barely misses you.
The tentacled monstrosity misses you.
You block the tentacled monstrosity's attack.
The tentacled monstrosity closely misses you.
You slash the dread lich!
The dread lich is severely damaged.
You barely miss the Orb Guardian. You slice the white draconian!!
You slice the tentacled monstrosity!! You freeze the tentacled monstrosity.
You slice the electric golem!! You freeze the electric golem.
You slice the ancient lich!!
The Orb Guardian hits you but does no damage.
You hit the dread lich. You headbutt the dread lich!!
The dread lich is almost destroyed.
You hit the white draconian. You slash the tentacled monstrosity!
You freeze the tentacled monstrosity. You slash the electric golem!
You freeze the electric golem. You slash the ancient lich!
You slice the orb of fire!! You freeze the orb of fire.
You slash the Orb Guardian! You freeze the Orb Guardian.
You block the Orb Guardian's attack. The dread lich casts a spell at you.
You barely resist.
You block the electric golem's attack. x3
The electric golem barely misses you. The white draconian closely misses you.
You furiously retaliate!
You headbutt the white draconian.
The tentacled monstrosity tentacle-slaps you!
The tentacled monstrosity tentacle-slaps you but does no damage.
You block the tentacled monstrosity's attack.
The tentacled monstrosity grabs you.
The tentacled monstrosity constricts you.
The ancient lich touches you but does no damage.
You chop the dread lich into pieces!!!
You destroy the dread lich!
The Hell Sentinel disappears in a puff of smoke!
You barely miss the tentacled monstrosity.
You completely miss the electric golem.
You hit the ancient lich but do no damage.
You completely miss the orb of fire. You barely miss the Orb Guardian.
You slash the white draconian! You freeze the white draconian.
You block the Orb Guardian's attack.
The electric golem blinks!
The electric golem enters a dispersal trap!
The yellow draconian blinks!
The dread lich blinks! x2
The Killer Klown blinks!
The purple draconian blinks!
The yellow draconian blinks!
The white draconian blinks!
The orb of fire blinks!
The white draconian blinks!
You hear a loud "Zot"!
You escape the tentacled monstrosity's grasp.
You blink.
The electric golem blinks!
Your base Shields skill increases to level 22!
Unknown command.
Really walk into that dispersal trap?
You enter a dispersal trap!
The Killer Klown blinks!
The orb of fire blinks!
The Orb Guardian blinks!
The tentacled monstrosity blinks!
The orb of fire blinks!
The purple draconian blinks!
The yellow draconian blinks!
The white draconian blinks!
The Killer Klown blinks!
The dread lich blinks!
You blink.
The orb of fire glows red.
The bolt of fire misses you.
The purple draconian breathes dispelling energy at you.
The bolt of dispelling energy hits you!
Your magical effects are unravelling.
You see here 6 atropa-tipped darts.
Unknown command.
You feel yourself slow down.
You feel a little less mighty now.
Your resistance to elements expires.
You block the Orb Guardian's attack.
The orb of fire glows deep purple.
Strange energies course through your body.
You feel frail.
The Orb Guardian attacks as you move away!
The Orb Guardian hits you!
The purple draconian enters a dispersal trap!
The tentacled monstrosity blinks!
The orb of fire blinks!
The white draconian blinks!
The yellow draconian blinks! x2
You block the ancient lich's attack. The Orb Guardian hits you!!
You block the Orb Guardian's attack. You block the Orb Guardian's attack.
The white draconian disappears!
The ancient lich mumbles some strange words.
The ancient lich seems to speed up.
The Orb Guardian closely misses you.
The electric golem enters a dispersal trap!
The purple draconian blinks!
The tentacled monstrosity blinks!
The purple draconian blinks!
The yellow draconian blinks!
The Orb Guardian blinks!
The yellow draconian blinks!
The orb of fire blinks!
The Orb Guardian blinks!
The orb of fire blinks!
The ancient lich blinks!
You blink.
The electric golem blinks!
Unknown command.
You block the Orb Guardian's attack. The electric golem barely misses you.
You furiously retaliate!
You headbutt the electric golem. The electric golem hits you!
The electric golem shocks you!!
* * * LOW HITPOINT WARNING * * *
The electric golem misses you.
The electric golem hits you but does no damage.
The Orb Guardian hits you!!
You feel threatened and lose the ability to read scrolls!
* * * LOW HITPOINT WARNING * * *
The orb of fire glows red.
The bolt of fire hits you! You resist.
* * * LOW HITPOINT WARNING * * *
The Killer Klown tickles you but does no damage.
The dread lich points at you and mumbles some strange words.
You suddenly lose the ability to move!
The Orb Guardian hits you!!
You die...

***************
****,............▓▓▓*
***,,,,........^......▓*
**,,,^,,................▓*
*,,,,,,,.....^........^..*
**^,,,,,,.......^.^.......*
**,,,,,,§.L..............▓*
,*,,,,,,............^...▓*
,,,,,,,,§.......@X^...^▓▓
,*,,,,,,...p...p*.X.....▓▓
**,,,,,,........9.X....d.▓▓
**,,,,,,......d...d...*...▓
*,,,,,,.^.........^.L....▓
**,,,,,.......^.§....§..▓▓
***,,,................▓▓
****...............▓▓
*****▓▓▓▓▓▓▓##....§▓▓


You could see 2 orbs of fire, 2 Killer Klowns, an electric golem, a tentacled
monstrosity, an ancient lich (fast, invisible), a dread lich (invisible), 2
draconians, a purple draconian and 2 Orb Guardians.

Vanquished Creatures
  2 dread liches
  Frederick (Vaults:4)
  A Killer Klown (Zot:4)
  4 bone dragons
  Nikola (Shoals:1)
  5 golden dragons
  A Tzitzimitl (Zot:1)
  2 doom hounds (Zot:1)
  Cloud Mage (WizLab)
  8 tentacled monstrosities
  An Orb Guardian (Zot:5)
  Grunn (Zot:1)
  Mlioglotl (Shoals:1)
  5 sphinxes
  A kraken (Shoals:2)
  A tengu reaver (Depths:3)
  A draconian monk (Zot:2)
  Kirke (Shoals:1)
  2 fenstrider witches (Depths:2)
  3 draconian knights
  5 vault wardens
  3 frost giants
  Louise (Shoals:1)
  3 orc warlords
  6 emperor scorpions (Spider:4)
  5 ghost moths
  2 broodmothers
  2 draconian annihilators
  2 draconian shifters
  4 reapers (IceCv)
  7 stone giants
  12 ironbound preservers
  12 very ugly things
  2 vampire knights (Depths:2)
  8 ironbound thunderhulks
  3 minotaurs (Shoals:4)
  4 green draconians
  3 red draconians
  A putrid mouth (Zot:1)
  4 dire elephants
  A black draconian (Zot:2)
  2 white draconians
  Azrael (Spider:2)
  2 spark wasps
  3 yellow draconians
  A blizzard demon (Depths:4)
  Josephine (Lair:4)
  3 ettins
  3 merfolk impalers
  A deep elf death mage (Vaults:1)
  3 merfolk javelineers
  3 entropy weavers
  4 crystal guardians
  2 fire dragons
  6 yaktaur captains
  7 great orbs of eyes
  4 ice dragons
  8 hydras
  3 catoblepae (Lair:5)
  A rakshasa (D:15)
  3 peacekeepers
  2 jorogumos
  10 vault guards
  11 ironbound frosthearts
  2 spriggan air magi (WizLab)
  6 boulder beetles
  A merfolk aquamancer (Shoals:2)
  A merfolk avatar (Shoals:4)
  5 radroaches
  Erica (D:8)
  4 death yaks (Lair:5)
  3 ghost crabs (WizLab)
  2 ogre magi (D:15)
  An alligator snapping turtle (Shoals:2)
  14 centaur warriors
  16 two-headed ogres
  11 satyrs (Shoals:4)
  4 death knights
  A tengu warrior (D:15)
  A deep troll shaman (Depths:3)
  A vampire mage (Depths:1)
  6 orc high priests
  A titan skeleton (Vaults:3)
  3 shock serpents (WizLab)
  A thrashing horror (Abyss:3)
  A spriggan berserker (Depths:1)
  A wretched star (Abyss:3)
  A shadow wraith (Vaults:3)
  An iron troll (Depths:3)
  4 skeletal warriors (D:15)
  A sixfirhy (Abyss:3)
  13 orb spiders
  A sun moth (Spider:4)
  2 pharaoh ants
  A sea snake (shapeshifter) (Vaults:1)
  2 skysharks (Shoals:2)
  A flayed ghost (Depths:1)
  2 obsidian statues (IceCv)
  10 sea snakes
  A deep troll (shapeshifter) (Vaults:4)
  36 deep trolls
  A death drake (WizLab)
  3 glowing orange brains
  11 wizards
  A tengu zombie (Vaults:3)
  2 deep elf archers
  7 lindwurms
  32 harpies
  13 orc knights
  8 deep elf pyromancers
  13 ironbound convokers
  5 steelbarb worms
  A phantasmal warrior (D:15)
  42 ugly things
  2 necromancers (Vaults:3)
  3 orc sorcerers
  12 cyclopes
  26 wolf spiders
  15 manticores
  12 fauns
  5 elephants
  8 moths of wrath
  A black mamba (Lair:2)
  4 merfolk sirens
  14 vault sentinels
  3 apocalypse crabs (WizLab)
  3 rust devils (Depths:4)
  3 water nymphs
  A gargoyle (D:12)
  7 torpor snails
  11 demonic crawlers
  11 cane toads
  17 yaktaurs
  4 komodo dragons
  3 ice devils
  4 rime drakes
  An unseen horror (D:12)
  An anaconda simulacrum (IceCv)
  A kobold demonologist (D:11)
  9 freezing wraiths
  An ancient zyme (Abyss:3)
  A tengu conjurer (D:15)
  A red devil (Abyss:3)
  A queen bee (Lair:2)
  A human skeleton (Vaults:3)
  31 merfolk
  2 polar bears
  5 trolls
  10 meliai
  6 wind drakes
  A hornet (D:7)
  10 blink frogs
  9 dream sheep (Shoals:3)
  A snapping turtle (shapeshifter) (D:15)
  3 raiju (Abyss:3)
  28 tarantellas
  36 slime creatures
  Sigmund (D:3)
  3 snapping turtles
  52 jumping spiders
  11 water elementals
  6 air elementals (WizLab)
  4 shadows
  21 culicivoras
  6 wyverns
  8 wraiths
  A ynoxinul (Abyss:3)
  30 yaks
  3 fire bats (Lair:3)
  4 large abominations (Abyss:3)
  6 hogs (Shoals:1)
  A hog (shapeshifter) (D:14)
  2 starcursed masses (Abyss:3)
  6 fire elementals
  5 steam dragons
  6 basilisks
  A minotaur simulacrum (IceCv)
  10 vampire mosquitoes
  41 redbacks
  2 wargs
  14 water moccasins
  Duvessa (D:4)
  6 hell hounds
  A hydra simulacrum (IceCv)
  2 acid dragons
  A floating eye (Depths:2)
  4 ice beasts
  28 orc warriors
  2 sky beasts
  14 ogres
  3 black bears
  18 wolves
  3 boggarts (D:15)
  10 centaurs
  3 small abominations (Abyss:3)
  A kobold brigand (D:3)
  A necrophage (D:4)
  13 bullfrogs
  A deep troll simulacrum (IceCv)
  9 scorpions
  3 wights (D:5)
  Dowan (D:4)
  39 killer bees
  3 electric eels
  7 howler monkeys
  3 crimson imps (Abyss:3)
  5 hounds
  2 quasits (Abyss:3)
  29 orc priests
  3 jellies
  5 iguanas
  An iron imp (Abyss:3)
  9 orc wizards
  Ijyb (D:5)
  11 adders
  A river rat (Lair:2)
  7 white imps
  An ufetubus (D:4)
  3 worms (Lair:2)
  4 dart slugs
  63 orcs
  4 endoplasms
  A giant cockroach (Lair:2)
  10 goblins
  6 hobgoblins
  4 jackals (D:1)
  3 quokkas
  7 ball pythons
  6 bats
  5 frilled lizards
  13 kobolds
  7 rats
  4 tentacles (Shoals:2)
1483 creatures vanquished.

Vanquished Creatures (collateral kills)
  A spark wasp (WizLab)
  An apocalypse crab (WizLab)
  A merfolk (Shoals:4)
3 creatures vanquished.

Vanquished Creatures (others)
  A spark wasp (WizLab)
  A blizzard demon (WizLab)
  An entropy weaver (Spider:3)
  3 spriggan air magi (WizLab)
  A manticore (Shoals:1)
  A snapping turtle (Shoals:1)
  98 fungi
  112 plants
  12 tentacles
  3 withered plants (D:15)
233 creatures vanquished.

Grand Total: 1719 creatures vanquished

Notes
Turn   | Place    | Note
-------+----------+-------------------------------------------
     0 | D:1      | Flugslaktarn the Minotaur Fighter began the quest for the
                  | Orb.
     0 | D:1      | Reached XP level 1. HP: 19/19 MP: 0/0
    64 | D:1      | Reached XP level 2. HP: 27/27 MP: 1/1
   316 | D:1      | Reached XP level 3. HP: 31/33 MP: 2/2
   682 | D:2      | Found a faded altar of an unknown god.
   687 | D:2      | Prayed at the altar of an unknown god.
   687 | D:2      | Became a worshipper of Ashenzari the Shackled
  1186 | D:3      | Reached * piety under Ashenzari
  1191 | D:3      | Reached XP level 4. HP: 32/40 MP: 3/3
  1259 | D:3      | Noticed Sigmund
  1279 | D:3      | Killed Sigmund
  1280 | D:3      | Reached skill level 5 in Fighting
  1280 | D:3      | Reached skill level 5 in Axes
  1280 | D:3      | Reached skill level 5 in Armour
  1280 | D:3      | Reached XP level 5. HP: 46/48 MP: 4/4
  1280 | D:3      | Reached XP level 6. HP: 53/56 MP: 5/5
  1510 | D:3      | Found a bloodstained altar of Trog.
  1512 | D:3      | Found a snail-covered altar of Cheibriados.
  2012 | D:4      | Reached ** piety under Ashenzari
  2108 | D:4      | Reached XP level 7. HP: 50/64 MP: 6/6
  2271 | D:4      | Found Ajuked's Distillery.
  2345 | D:4      | Noticed Dowan
  2346 | D:4      | Noticed Duvessa
  2357 | D:4      | Killed Dowan
  2360 | D:4      | Killed Duvessa
  2584 | D:4      | Found a staircase to the Ecumenical Temple.
  2604 | D:4      | Found a glowing silver altar of Zin.
  3125 | D:5      | Entered Level 5 of the Dungeon
  3369 | D:5      | Noticed Ijyb
  3380 | D:5      | Killed Ijyb
  3383 | D:5      | Reached XP level 8. HP: 26/74 MP: 7/7
  3930 | D:5      | Reached *** piety under Ashenzari
  4503 | D:6      | Reached skill level 10 in Axes
  5037 | D:6      | Reached XP level 9. HP: 83/84 MP: 8/8
  6319 | D:7      | Reached XP level 10. HP: 59/95 MP: 9/9
  6548 | D:8      | Found Pabli's Antique Armour Boutique.
  6563 | D:8      | Bought a pair of embroidered gloves for 255 gold pieces
  6568 | D:8      | Noticed Erica
  6574 | D:8      | Killed Erica
  6603 | D:8      | Found a stormy altar of Qazlal.
  6892 | D:8      | Reached **** piety under Ashenzari
  6910 | D:8      | Found a burning altar of Makhleb.
  7275 | D:8      | Reached skill level 10 in Armour
  7414 | D:9      | Reached skill level 10 in Fighting
  7705 | D:9      | Noticed a two-headed ogre
  7718 | D:9      | Killed a two-headed ogre
  7911 | D:9      | Noticed an orange crystal statue
  8016 | D:9      | Noticed a cyclops
  8026 | D:9      | Killed a cyclops
  8746 | D:10     | Entered Level 10 of the Dungeon
  8865 | D:10     | Reached XP level 11. HP: 83/111 MP: 10/10
  9157 | D:10     | Found a staircase to the Lair.
  9159 | D:10     | Identified the +6 quarterstaff of the Six Ears {freeze,
                  | rPois rN+ Str-4 Int+3}
  9468 | D:10     | Noticed a boulder beetle
  9497 | D:10     | Noticed a centaur warrior
  9524 | D:10     | Reached skill level 15 in Axes
  9539 | D:10     | Killed a boulder beetle
  9553 | D:10     | Killed a centaur warrior
  9783 | D:10     | Identified the ring "Murue" {*Slow Fly rF+ rCorr Dex+3}
 10019 | D:11     | Noticed a two-headed ogre
 10026 | D:11     | Killed a two-headed ogre
 10188 | D:11     | Noticed a two-headed ogre
 10196 | D:11     | Killed a two-headed ogre
 10548 | D:11     | Noticed a two-headed ogre
 10563 | D:11     | Killed a two-headed ogre
 11029 | Lair:1   | Entered Level 1 of the Lair of Beasts
 11204 | Lair:1   | Reached skill level 1 in Dodging
 11206 | Lair:1   | Reached XP level 12. HP: 96/119 MP: 11/11
 11359 | Lair:1   | Reached skill level 1 in Evocations
 12216 | Lair:2   | Found a hole to the Spider Nest.
 12324 | Lair:2   | Noticed an eight-headed hydra
 12338 | Lair:2   | Killed an eight-headed hydra
 12837 | Lair:2   | Noticed a four-headed hydra
 12849 | Lair:2   | Killed a nine-headed hydra
 13084 | Lair:2   | Noticed a boulder beetle
 13098 | Lair:2   | Killed a boulder beetle
 13377 | Lair:2   | Reached skill level 5 in Dodging
 14241 | Lair:2   | Reached XP level 13. HP: 125/130 MP: 12/12
 14639 | Lair:3   | Reached skill level 5 in Evocations
 14649 | Lair:3   | Found a runed translucent door.
 14655 | Lair:3   | Noticed Diecruk's ghost (journeyman GnHu)
 14803 | Lair:3   | Found a dark tunnel.
 14822 | Volcano  | Entered a volcano
 15389 | Lair:3   | Found a staircase to the Shoals.
 16377 | Lair:4   | Noticed Josephine
 16385 | Lair:4   | Killed Josephine
 16932 | Lair:5   | Entered Level 5 of the Lair of Beasts
 17568 | Lair:5   | Reached skill level 15 in Fighting
 17568 | Lair:5   | Reached skill level 15 in Armour
 17615 | Lair:5   | Reached XP level 14. HP: 141/141 MP: 13/13
 17771 | Lair:5   | Found a viscous altar of Jiyva.
 17771 | Lair:5   | Found a staircase to the Slime Pits.
 18762 | D:12     | Found a staircase to the Orcish Mines.
 19227 | D:13     | Found Sag Nit's Weapon Boutique.
 20653 | D:14     | Reached skill level 10 in Dodging
 20975 | D:14     | Found a gate to the Vaults.
 21072 | D:15     | Entered Level 15 of the Dungeon
 21148 | D:15     | Identified a scroll of acquirement
 21174 | D:15     | Reached XP level 15. HP: 83/145 MP: 14/14
 21218 | D:15     | Paralysed by an ogre mage for 5 turns
 21350 | D:15     | Acquired 369 gold pieces
 21370 | D:15     | Found Hiecra's Neck Hole.
 21417 | D:15     | Bought a +1 cloak for 138 gold pieces
 22090 | D:15     | Found a basalt altar of Yredelemnul.
 22386 | D:15     | Found a staircase to the Depths.
 22525 | Orc:1    | Entered Level 1 of the Orcish Mines
 22787 | Orc:2    | Entered Level 2 of the Orcish Mines
 23221 | Orc:2    | Found a staircase to the Elven Halls.
 23279 | Orc:2    | Reached skill level 10 in Evocations
 23683 | Orc:2    | Found Resociarph's Magic Scroll Shop.
 23686 | Orc:2    | Found Vyaxkari's Distillery.
 23687 | Orc:2    | Found Rauh's Antique Weapon Shop.
 23688 | Orc:2    | Found Nasuop's Assorted Antiques.
 23692 | Orc:2    | Bought a potion of heal wounds for 65 gold pieces
 23694 | Orc:2    | Bought a small ruby ring for 115 gold pieces
 23695 | Orc:2    | Bought a scroll of enchant weapon for 112 gold pieces
 23957 | Spider:1 | Entered Level 1 of the Spider Nest
 24163 | Orc:1    | Paralysed by an orc sorcerer for 5 turns
 24607 | Spider:1 | Reached XP level 16. HP: 153/160 MP: 15/15
 25503 | Spider:1 | Gained mutation: You do not regenerate when monsters are
                  | visible. [potion of mutation]
 25503 | Spider:1 | Gained mutation: You occasionally lose the ability to drink
                  | potions when taking damage. [potion of mutation]
 25503 | Spider:1 | Lost mutation: You do not regenerate when monsters are
                  | visible. [potion of mutation]
 25504 | Spider:1 | Lost mutation: You occasionally lose the ability to drink
                  | potions when taking damage. [potion of mutation]
 25504 | Spider:1 | Gained mutation: You sometimes lose your temper in combat.
                  | [potion of mutation]
 25505 | Spider:1 | Lost mutation: You sometimes lose your temper in combat.
                  | [potion of mutation]
 25505 | Spider:1 | Gained mutation: You have hidden genetic defects. [potion
                  | of mutation]
 25505 | Spider:1 | Gained mutation: You occasionally lose the ability to read
                  | scrolls when taking damage. [potion of mutation]
 25505 | Spider:1 | Gained mutation: You are agile. (Dex +4, Str/Int -1)
                  | [potion of mutation]
 25506 | Spider:1 | Lost mutation: You have hidden genetic defects. [potion of
                  | mutation]
 25506 | Spider:1 | Lost mutation: You are agile. (Dex +4, Str/Int -1) [potion
                  | of mutation]
 25506 | Spider:1 | Gained mutation: You have a pair of large horns on your
                  | head. [potion of mutation]
 25506 | Spider:1 | Gained mutation: You are frail. (-10% HP) [potion of
                  | mutation]
 25506 | Spider:1 | Gained mutation: Your flesh is heat resistant. (rF+)
                  | [potion of mutation]
 25506 | Spider:1 | Gained mutation: Your mind is acute. (Int +4, Str/Dex -1)
                  | [potion of mutation]
 25507 | Spider:1 | Lost mutation: You have a pair of large horns on your head.
                  | [potion of mutation]
 25507 | Spider:1 | Lost mutation: You occasionally lose the ability to read
                  | scrolls when taking damage. [potion of mutation]
 25507 | Spider:1 | Gained mutation: You have sharp toenails. [potion of
                  | mutation]
 25507 | Spider:1 | Gained mutation: You have hidden genetic defects. [potion
                  | of mutation]
 25507 | Spider:1 | Lost mutation: You are frail. (-10% HP) [potion of
                  | mutation]
 25507 | Spider:1 | Gained mutation: You expend magic power (3 MP) to
                  | strengthen your wands. [potion of mutation]
 25582 | Spider:1 | Lost mutation: You have hidden genetic defects. [potion of
                  | mutation]
 25582 | Spider:1 | Lost mutation: You expend magic power (3 MP) to strengthen
                  | your wands. [potion of mutation]
 25582 | Spider:1 | Lost mutation: You have sharp toenails. [potion of
                  | mutation]
 25582 | Spider:1 | Gained mutation: You are partially covered in large bone
                  | plates. (SH +4) [potion of mutation]
 25582 | Spider:1 | Gained mutation: Your natural rate of healing is unusually
                  | fast. [potion of mutation]
 25582 | Spider:1 | Lost mutation: Your flesh is heat resistant. (rF+) [potion
                  | of mutation]
 25614 | Spider:1 | Gained mutation: You are weak. (Str -2) [mutagenic glow]
 25976 | Spider:2 | Noticed Azrael
 25999 | Spider:2 | Killed Azrael
 26991 | Spider:4 | Entered Level 4 of the Spider Nest
 27000 | Spider:4 | Reached XP level 17. HP: 165/172 MP: 16/16
 27799 | Spider:4 | Got a gossamer rune of Zot
 27985 | Spider:4 | Reached skill level 15 in Dodging
 28411 | Shoals:1 | Entered Level 1 of the Shoals
 28411 | Shoals:1 | Noticed Louise
 28412 | Shoals:1 | Noticed Nikola
 28423 | Abyss:2  | Found a shimmering altar of Xom.
 28423 | Abyss:2  | Cast into level 2 of the Abyss (Louise)
 28531 | Abyss:3  | Noticed a bone dragon
 28561 | Abyss:3  | Noticed a kraken
 28566 | Abyss:3  | Noticed a tentacled monstrosity
 28566 | Abyss:3  | Noticed a tentacled monstrosity
 28567 | Abyss:3  | Got an abyssal rune of Zot
 28576 | Abyss:3  | Killed a tentacled monstrosity
 28580 | Abyss:3  | Killed a tentacled monstrosity
 28588 | Abyss:3  | Found a corrupted altar of Lugonu.
 28595 | Shoals:1 | Escaped the Abyss
 28597 | Shoals:1 | Killed Louise
 28659 | Shoals:1 | Killed Nikola
 28664 | Shoals:1 | Noticed Mlioglotl
 28740 | Shoals:1 | Killed Mlioglotl
 28741 | Shoals:1 | Reached skill level 5 in Shields
 28872 | Shoals:1 | Noticed Kirke
 28891 | Shoals:1 | Killed Kirke
 28980 | Shoals:1 | Identified the +1 quarterstaff "Mufit" {heavy, Dex+4}
 29044 | Shoals:1 | Found Meysm's Armour Shop.
 29044 | Shoals:1 | Identified Roxanne's Papyrus of Lithomancy
 29044 | Shoals:1 | Noticed Roxanne
 29147 | Shoals:1 | Found Igeu's CLEARANCE SALE!.
 29156 | Shoals:1 | Bought a scroll of blinking for 15 gold pieces
 29511 | Shoals:2 | Found a frozen archway.
 29534 | IceCv    | Entered an ice cave
 29680 | IceCv    | Identified the Parchment of the Deep Freeze
 29936 | Shoals:2 | Reached skill level 10 in Shields
 30029 | Shoals:2 | Noticed a kraken
 30080 | Shoals:2 | Killed a kraken
 30463 | Shoals:3 | Reached XP level 18. HP: 167/182 MP: 17/17
 30515 | Shoals:3 | Found Earendil's Dragon-Slaying Spoils.
 30522 | Shoals:3 | Bought +1 gold dragon scales for 957 gold pieces
 31060 | Shoals:4 | Entered Level 4 of the Shoals
 31296 | Shoals:4 | HP: 9/182 [merfolk javelineer/javelin (11)]
 31300 | Shoals:4 | HP: 1/182 [wind drake/the air (21)]
 31769 | Shoals:4 | Reached skill level 15 in Shields
 31875 | Shoals:4 | Got a barnacled rune of Zot
 32010 | Shoals:4 | Identified Sif Muna's Volume of the Autopsy and the
                  | Atmosphere
 32409 | Vaults:1 | Entered Level 1 of the Vaults
 33014 | Vaults:2 | Reached XP level 19. HP: 94/185 MP: 0/18
 33145 | Vaults:2 | Found a magical portal.
 33182 | WizLab   | Entered The Chambers of the Cloud Mage
 33196 | WizLab   | Paralysed by an air elemental for 1 turns
 33387 | WizLab   | Paralysed by an air elemental for 1 turns
 33658 | WizLab   | Paralysed by an air elemental for 1 turns
 33661 | WizLab   | Paralysed by an air elemental for 1 turns
 33665 | WizLab   | Paralysed by an air elemental for 1 turns
 33683 | WizLab   | Identified the ring "Zajug" {Fly rPois rC+ Stlth+}
 33734 | WizLab   | Noticed Nurooked
 33747 | WizLab   | Paralysed by an air elemental for 1 turns
 33750 | WizLab   | Killed Nurooked the Cloud Mage
 33831 | WizLab   | Identified the Directory of Ouranomancy
 33888 | WizLab   | Paralysed by an air elemental for 1 turns
 34182 | Abyss:3  | Cast into level 3 of the Abyss (a wizard)
 34200 | Vaults:2 | Escaped the Abyss
 34251 | Vaults:2 | Identified the +1 cloak "Luehesor" {Slay+3}
 34340 | Vaults:2 | Acquired a +2 hat
 34347 | Vaults:2 | Acquired a manual of Shields
 37043 | Vaults:3 | Found a staircase to the Crypt.
 37204 | Abyss:3  | Cast into level 3 of the Abyss (a wizard)
 37214 | Abyss:3  | Noticed a bone dragon
 37247 | Abyss:3  | Killed a bone dragon
 37306 | Vaults:3 | Escaped the Abyss
 37900 | Vaults:4 | Noticed Frederick
 37912 | Vaults:4 | Reached XP level 20. HP: 156/202 MP: 1/19
 37922 | Vaults:4 | Killed Frederick
 38711 | Vaults:4 | Found a transporter.
 38712 | Vaults:4 | Noticed an ancient lich
 38723 | Vaults:4 | Found a transporter.
 40733 | Vaults:1 | Found Roskonasch's Antique Armour Shop.
 40755 | Vaults:1 | Bought a brightly glowing plate armour for 1120 gold pieces
 40755 | Vaults:1 | Identified the +4 plate armour "Wiushiqe" {Str+2 Slay+2}
                  | (You bought it in a shop on level 1 of the Vaults)
 41800 | Depths:1 | Entered Level 1 of the Depths
 41890 | Depths:1 | Found Dophel's Book Emporium.
 41892 | Depths:1 | Found Ikeamm's Jewellery Shop.
 41893 | Depths:1 | Found Jihiah's Book Emporium.
 41900 | Depths:1 | Bought the ring of Spite {EV+5 Dex+2} for 944 gold pieces
 41990 | Depths:1 | Found Ehis's Antique Armour Shoppe.
 42234 | Depths:1 | Found a one-way gate to the infinite horrors of the Abyss.
 42459 | Depths:2 | Paralysed by a floating eye for 2 turns
 42469 | Depths:2 | Noticed a dread lich
 42481 | Depths:2 | Killed a dread lich
 42680 | Depths:3 | Reached XP level 21. HP: 212/212 MP: 0/20
 42881 | Depths:3 | Reached ***** piety under Ashenzari
 42887 | Depths:4 | Entered Level 4 of the Depths
 42887 | Depths:4 | Found a gateway to Hell.
 43064 | Depths:4 | Found a one-way gate leading to the halls of Pandemonium.
 43216 | Depths:4 | Noticed a golden dragon
 43221 | Depths:4 | Killed a golden dragon
 43301 | Depths:4 | Noticed a golden dragon
 43310 | Depths:4 | Killed a golden dragon
 43443 | Depths:4 | Found a gate to the Realm of Zot.
 43449 | Zot:1    | Entered Level 1 of the Realm of Zot
 43513 | Zot:1    | Noticed Grunn
 43517 | Zot:1    | Noticed a golden dragon
 43517 | Zot:1    | Noticed a golden dragon
 43549 | Zot:1    | Killed a golden dragon
 43554 | Zot:1    | Killed a golden dragon
 43565 | Zot:1    | Killed Grunn
 43942 | Zot:3    | Noticed a golden dragon
 43947 | Zot:3    | Killed a golden dragon
 44001 | Zot:3    | Noticed a Killer Klown
 44026 | Zot:4    | Killed a Killer Klown
 44074 | Zot:5    | Entered Level 5 of the Realm of Zot
 44199 | Zot:5    | Noticed a dread lich
 44199 | Zot:5    | Noticed an ancient lich
 44204 | Zot:5    | Noticed an orb of fire
 44205 | Zot:5    | Noticed an orb of fire
 44209 | Zot:5    | Paralysed by a dread lich for 2 turns
 44210 | Zot:5    | Gained mutation: You occasionally lose the ability to read
                  | scrolls when taking damage. [an orb of fire]
 44210 | Zot:5    | Noticed a Killer Klown
 44210 | Zot:5    | Noticed a dread lich
 44210 | Zot:5    | Gained mutation: You expend magic power (3 MP) to
                  | strengthen your wands. [an orb of fire]
 44210 | Zot:5    | Noticed a Killer Klown
 44211 | Zot:5    | Gained mutation: You are frail. (-10% HP) [an orb of fire]
 44215 | Zot:5    | Killed a dread lich
 44217 | Zot:5    | Gained mutation: You are very frail. (-20% HP) [an orb of
                  | fire]
 44221 | Zot:5    | Paralysed by a dread lich for 2 turns
 44221 | Zot:5    | Mangled by an Orb Guardian

Illustrated notes

Levels and vault maps discovered:
D:1:      minmay_arrival_nine_rooms, layout_basic
D:2:      layout_rooms, nicolae_ecumenical_pavilion
D:3:      layout_loops_ring, chequers_temple_overflow_statue_of_worship,
          st_stairs_10, uniq_sigmund
D:4:      layout_cave_pods, mainiacjoe_overflow_cross_hatched,
          minmay_temple_entry_water_ring, serial_shops, nicolae_square_shop,
          uniq_duvessa
D:5:      layout_cave_pods, uniq_ijyb
D:6:      cheibrodos_steamvent, layout_basic
D:7:      layout_rooms, minmay_three_doors
D:8:      layout_loops_cross, mainiacjoe_overflow_catch_the_wave, serial_shops,
          nicolae_shop_competitors_out_of_business, uniq_erica
D:9:      layout_stronghold, disabler_island
D:10:     layout_rooms, due_lair_maze_entry_diamond,
          minmay_fractal_squares_gapless_7
D:11:     layout_basic
D:12:     layout_roguey, david_orc_3
D:13:     layout_basic, serial_shops, nicolae_shop_bloodbath_and_beyond,
          st_stairs_9
D:14:     layout_long_grid, grunt_vaults_entry_fortified,
          hangedman_abyss_or_decor_stagger
D:15:     gammafunk_enter_depths_forms, layout_basic, yredelemnul_altar_generic,
          nicolae_shop_sticking_my_neck_out
Lair:1:   layout_regular_city, minivault_26, st_stairs_13
Lair:2:   regret_index_combs_of_tragedy, layout_regular_city,
          nicolae_spider_entry_non_spiders
Lair:3:   layout_gridlike, minmay_shoals_entry_beasts,
          nicolae_volcano_entry_lava_flow, ebering_ghost_reflecting_pool,
          grunt_megastairs_4
Lair:4:   layout_regular_city, uniq_josephine
Lair:5:   evilmike_catoblepas_cave, layout_regular_city,
          dpeg_slime_entry_enclosed, infiniplex_staircase_pool
Shoals:1: layout_shoals, serial_shops, shop, nicolae_shop_clearance,
          uniq_louise, uniq_mlioglotl, uniq_nikola, uniq_roxanne, uniq_kirke
Shoals:2: layout_shoals, portal_ice_cave_entry_frozen_things
Shoals:3: layout_shoals, nicolae_shop_dragon_depot
Shoals:4: shoals_end_hellmonk_lost_city
Spider:1: layout_cave_pods
Spider:2: nicolae_spider_jumping_over_cracks [nicolae_spider_jumping_sub_grid,
          nicolae_spider_jumping_sub_lanes, nicolae_spider_jumping_sub_lanes,
          nicolae_spider_jumping_sub_grid], uniq_azrael
Spider:3: layout_spider_delve, nicolae_spider_shape, nicolae_spider_cling_halls
Spider:4: guppyfry_spider_rune
Orc:1:    layout_diamond_mine
Orc:2:    st_orc_pillars, layout_diamond_mine
Vaults:1: vaults_room_pool, vaults_dpeg_encased_lava, v_misc_11,
          vaults_mumra_hexcomb, v_alt_pattern_6, grunt_vaults_hallway_short,
          nicolae_vaults_network_quinsquares
          [nicolae_vaults_network_quincunx_subvault,
          nicolae_vaults_network_quincunx_subvault,
          nicolae_vaults_network_quincunx_subvault,
          nicolae_vaults_network_quincunx_subvault],
          nicolae_vaults_hallways_thing, vaults_mumra_chevron,
          dpeg_vaults_monster_row, hangedman_vaults_corner_blocks,
          nicolae_vaults_little_squares_6, nicolae_vaults_rhombus_5,
          layout_vaults_omnicross, serial_shops, shop
Vaults:2: mu_enter_wizlab_2, v_rooms_1, nicolae_vaults_ring_of_whatevers,
          vaults_dpeg_spiral, vaults_dpeg_cross, nicolae_vaults_what_the_h,
          vaults_room_semicircle, vaults_room_pools, layout_vaults_omnigrid
Vaults:3: nicolae_vaults_network_square, blue_anna_dwarven_crypt,
          vaults_room_fancy_cross, v_misc_22, ontoclasm_vaults_fault,
          nicolae_vaults_twisting_passages, v_pattern_5,
          vaults_standard_mumra_enter_the_diamond, v_alt_pattern_5,
          vaults_dpeg_ring, nicolae_vaults_alarming, layout_vaults_chaotic_city
Vaults:4: v_misc_24, gammafunk_sealed_arena, v_alt_pattern_3, v_pattern_1,
          vaults_standard_mumra_enter_the_diamond, nicolae_vaults_rhombus_7,
          ontoclasm_vaults_twist, vaults_room_boxed, layout_vaults_omnibox,
          uniq_frederick
Depths:1: layout_forbidden_donut, enter_ziggurat_f, serial_shops,
          nicolae_square_shop, hellmouth_2, hangedman_abyss_entry_splay,
          serial_glass, glass_columns_a, glass_columns_b,
          minmay_strange_pillars, due_unseen_surprise, rand_demon_pan_entry_1,
          zin_angel, minmay_shop_grove
Depths:2: hellmonk_paralyzer, layout_honeycomb, pan_entry, hell_entry,
          uniq_enchantress
Depths:3: nzn_winding_woodlands_large [nzn_winding_woodlands_5x5_three,
          nzn_winding_woodlands_5x15_sidewinder,
          nzn_winding_woodlands_hourglass,
          nzn_winding_woodlands_center_pierced_h,
          nzn_winding_woodlands_15x15_five_gardens,
          nzn_winding_woodlands_center_lodge, nzn_winding_woodlands_5x5_default,
          nzn_winding_woodlands_5x15_default,
          nzn_winding_woodlands_5x5_closed_star], layout_twisted_cross,
          chequers_serial_rivers_marsh, hell_entry, abyss_entry_flame_altar,
          grunt_pan_entry_in_and_out, minmay_stone_trees_small, firewood_loft
Depths:4: evilmike_zot_entry_hall, layout_honeycomb, rand_demon_pan_entry_8,
          hell_entry, abyss_entry, cheibrodos_ashenzari_chains,
          serial_bayou_shore_a
Zot:1:    layout_onion, uniq_grunn
Zot:2:    kennysheep_oblong_rooms, layout_misc_corridors, skrybe_zot_glass_1
Zot:3:    layout_cathedral_of_symmetry
Zot:4:    layout_gridlike, uniq_josephina
Zot:5:    layout_basic

Skill      XL: |  1  2  3  4  5  6  7  8  9 10 11 12 13 14 15 16 17 18 19 20 21 |
---------------+----------------------------------------------------------------+-----
Axes           | 3 4 5 6 8 10 12 14 16 18 19 20 21 | 21.9
Fighting       | 4 5 6 7 9 10 12 13 15 16 17 19 20 21 22 | 22.3
Armour         | 4 5 6 7 9 10 12 13 15 16 17 19 20 21 22 | 22.3
Dodging        | 1 5 8 10 12 14 15 16 17 18 | 18.0
Evocations     | 4 6 8 10 11 | 11.5
Shields        | 10 16 19 21 22 | 22.0

Action                     |  1- 3 |  4- 6 |  7- 9 | 10-12 | 13-15 | 16-18 | 19-21 || total
---------------------------+-------+-------+-------+-------+-------+-------+-------++-------
  Melee: War axe           |    90 |    84 |   237 |   533 |       |       |       ||   944
         Headbutt          |    10 |    18 |    52 |   127 |   232 |   344 |   366 ||  1149
         Broad axe         |       |       |       |    29 |   932 |  1295 |  1216 ||  3472
         Punch             |       |       |       |       |       |     4 |       ||     4
 Invoke: Curse Item        |     2 |     1 |     2 |     3 |     2 |     1 |     4 ||    15
         Shatter the Chain |       |       |       |     2 |     3 |     2 |       ||     7
  Evoke: Wand              |       |       |       |    12 |     4 |     4 |       ||    20
         Condenser vane    |       |       |       |       |       |     4 |     1 ||     5
         Phantom mirror    |       |       |       |       |       |     1 |     1 ||     2
    Use: Potion            |       |       |       |     5 |     3 |    22 |     7 ||    37
         Scroll            |       |       |       |     8 |    12 |    11 |    11 ||    42
   Stab: Petrified         |       |       |       |       |     2 |       |       ||     2
         Distracted        |       |       |       |       |     1 |       |     1 ||     2
 Armour: Scale mail        |    43 |       |       |       |       |       |       ||    43
         Chain mail        |     8 |    54 |   132 |    71 |       |       |       ||   265
         Plate armour      |       |       |       |   345 |   697 |   718 |       ||  1760
         Gold dragon scale |       |       |       |       |       |   305 |   480 ||   785
  Dodge: Dodged            |    36 |    17 |    96 |   238 |   429 |   776 |   330 ||  1922
  Block: Buckler           |    21 |    15 |    47 |   177 |   261 |   340 |       ||   861
         Other             |       |       |       |       |       |    37 |       ||    37
         Tower shield      |       |       |       |       |       |   673 |  1214 ||  1887

Table legend: (Time is in decaauts)
 A = Elapsed time spent in this place.
 B = Non-inter-level travel time spent in this place.
 C = Inter-level travel time spent in this place.
 D = Time resting spent in this place.
 E = Time spent auto-exploring this place.
 F = Levels seen in this place.
 G = Mean time per level.
                   A        B        C        D        E       F      G
               +--------+--------+--------+--------+--------+-----+--------+
         Total |  43670 |  41188 |   2482 |   6888 |  26091 |  50 |  873.4 |
       Dungeon |  15543 |  14435 |   1108 |   2745 |   9391 |  15 | 1036.2 |
          Lair |   7249 |   6753 |    496 |   1473 |   4324 |   5 | 1449.8 |
        Shoals |   3350 |   3169 |    181 |    389 |   1630 |   4 |  837.5 |
   Spider Nest |   3671 |   3509 |    162 |    618 |   1992 |   4 |  917.8 |
  Orcish Mines |   1468 |   1360 |    108 |    324 |    735 |   2 |  734.0 |
        Vaults |   8266 |   7963 |    303 |    246 |   6576 |   4 | 2066.5 |
        Depths |   1622 |   1565 |     57 |    227 |    915 |   4 |  405.5 |
           Zot |    701 |    637 |     64 |    384 |      0 |   5 |  140.2 |
         Abyss |    253 |    253 |      0 |      0 |     64 |   4 |   63.2 |
      Ice Cave |    300 |    300 |      0 |     64 |     25 |   1 |  300.0 |
       Volcano |    480 |    480 |      0 |    315 |     42 |   1 |  480.0 |
        Wizlab |    764 |    764 |      0 |    101 |    397 |   1 |  764.0 |
               +--------+--------+--------+--------+--------+-----+--------+

Top non-repeatable levels by time:
  Lair:2: 2678 daAuts
Vaults:3: 2515 daAuts
Vaults:4: 2082 daAuts
Vaults:1: 1947 daAuts
Vaults:2: 1720 daAuts
    D:15: 1404 daAuts
  Lair:5: 1349 daAuts
     D:5: 1341 daAuts
  Lair:3: 1326 daAuts
     D:9: 1323 daAuts
    D:10: 1308 daAuts
Spider:4: 1272 daAuts
     D:4: 1270 daAuts
     D:7: 1119 daAuts
    D:11: 1105 daAuts
